 Dungeon Crawl Stone Soup version 0.27.0-1-g7a089689b8 (webtiles) character file.

Game seed: 3291958030824620892

2795 tilp the Geomancer (level 9, -1/52 HPs)
             Began as a Gargoyle Earth Elementalist on Aug 6, 2021.
             Was a Follower of Vehumet.
             Slain by a gnoll sergeant (3 damage)
             ... on level 6 of the Dungeon.
             The game lasted 00:10:55 (7708 turns).

tilp the Geomancer (Gargoyle Earth Elementalist)    Turns: 7708, Time: 00:10:55

Health: -1/52      AC:  9    Str: 12    XL:     9   Next: 71%
Magic:  5/15       EV: 10    Int: 19    God:    Vehumet [*.....]
Gold:   174        SH:  0    Dex: 10    Spells: 10/16 levels left

rFire    . . .     SeeInvis .   a - +3 hand axe (vamp)
rCold    . . .     Faith    .   (no shield)
rNeg     + . .     Spirit   .   e - +0 robe
rPois    ∞         Reflect  .   (no helmet)
rElec    +         Harm     .   d - +0 cloak
rCorr    .         Rampage  .   (no gloves)
Will     .....                  (no boots)
Stlth    +.........             (no amulet)
HPRegen  0.17/turn              t - +4 ring of evasion
MPRegen  0.14/turn              (no ring)

@: lit by a corona, held, glowing
A: sickness immunity, AC +6, negative energy resistance 1, electricity
resistance, torment resistance 1, petrification resistance
a: Renounce Religion


You were on level 6 of the Dungeon.
You worshipped Vehumet.
Vehumet was aware of your devotion.
You visited 2 branches of the dungeon, and saw 7 of its levels.
You also visited: Ossuary.

You collected 174 gold pieces.

Inventory:

Hand Weapons
 a - a +3 vampiric hand axe (weapon)
 b - a +3 scimitar
 s - a +0 flail
 A - a +4 halberd of freezing
 D - a +0 hand axe of protection
Missiles
 c - 86 stones
 f - 9 poisoned darts (quivered)
 j - 3 javelins
 p - 4 boomerangs
Armour
 d - a +0 cloak (worn)
 e - a +0 robe (worn)
 r - a +1 buckler of reflection
 v - a +2 chain mail of positive energy
 C - the +1 ring mail of Forking Paths {MP+9 Dex+5}
   (You found it on level 5 of the Dungeon)

   Dex:       It affects your dexterity (+5).
   MP:        It affects your magic capacity (+9).
Magical Staves
 q - a staff of cold
Jewellery
 t - a +4 ring of evasion (left hand)
Wands
 h - a wand of iceblast (16)
 y - a wand of polymorph (10)
 z - a wand of flame (27)
Scrolls
 g - 2 scrolls of blinking
 u - a scroll of fear
 w - a scroll of enchant weapon
Potions
 i - a potion of mutation
 k - 5 potions of curing
 l - 3 potions of brilliance
 m - 2 potions of haste
 n - 2 potions of attraction
 o - 3 potions of lignification
 x - a potion of heal wounds
 B - a potion of degeneration {unknown}


   Skills:
 - Level 4.0 Fighting
 - Level 4.0 Dodging
 - Level 4.0 Stealth
 - Level 4.0 Shields
 - Level 4.0 Spellcasting
 - Level 6.0 Conjurations
 - Level 2.0 Transmutations
 + Level 8.2 Earth Magic
 - Level 4.0 Evocations


You had 10 spell levels left.
You knew the following spells:

 Your Spells              Type           Power      Damage    Failure   Level
a - Sandblast             Erth           70%        2d15      1%          1
b - Passwall              Tmut/Erth      19%        N/A       2%          2
c - Stone Arrow           Conj/Erth      60%        3d10      2%          3

Your spell library contained the following spells:

 Spells                   Type           Power      Damage    Failure   Level
 Freeze                   Ice            12%        1d4       14%         1
 Dazzling Flash           Conj/Hex       30%        N/A       12%         3
 Petrify                  Tmut/Erth      23%        N/A       17%         4
 Gell's Gravitas          Tloc           1%         N/A       38%         3
 Teleport Other           Tloc           3%         N/A       38%         3
 Agony                    Necr           3%         N/A       98%         5
 Silence                  Hex/Air        1%         N/A       98%         5
 Death Channel            Necr           1%         N/A       100%        6
 Dispersal                Tloc           1%         N/A       100%        6
 Summon Hydra             Summ           1%         N/A       100%        7
 Sublimation of Blood     Necr           Unusable   N/A       N/A         2

Dungeon Overview and Level Annotations

Branches:
Dungeon (6/15)             Temple (1/1) D:4         Ossuary (visited)

Altars:
Ashenzari
Cheibriados
Dithmenos
Elyvilon
Fedhas
Gozag
Hepliaklqana
Kikubaaqudgha
Makhleb
Nemelex Xobeh
Okawaru
Qazlal
Ru
Sif Muna
Trog
Uskayaw
Vehumet
Wu Jian
Xom
Yredelemnul
Zin

Annotations:
D:4 1 runed translucent door, Crazy Yiuf, Grinder


Innate Abilities, Weirdness & Mutations

You are immune to sickness and miasma.
Your stone body is resilient. (AC +6)
You are immune to poison.
You resist negative energy. (rN+)
You are resistant to electric shocks. (rElec)
You are resistant to unholy torment.
You are immune to petrification.


Message History

Press: ? - help, Shift-Dir - straight line, f - gnoll
Aim: a gnoll, wielding a +0 spear (77% to hit)
The stone arrow misses the gnoll.
The gnoll sergeant hits you from afar with a +0 spear.
* * * LOW HITPOINT WARNING * * *
The gnoll hits you from afar with a +0 spear.
* * * LOW HITPOINT WARNING * * *
Casting: Stone Arrow (dangerous; 2% risk of failure)
Confirm with . or Enter, or press ? or * to list all spells.
Aiming: Stone Arrow (dangerous; 2% risk of failure)
Press: ? - help, Shift-Dir - straight line, f/p - gnoll
Aim: a gnoll, wielding a +0 spear (77% to hit)
The stone arrow misses the gnoll.
The gnoll sergeant hits you from afar with a +0 spear.
* * * LOW HITPOINT WARNING * * *
The gnoll hits you from afar with a +0 spear.
* * * LOW HITPOINT WARNING * * *
Found 20 gold pieces.
A gnoll comes into view. It is wielding a +0 spear.
A gnoll comes into view. It is wielding a +0 club.
The gnoll shaman shouts!
The gnoll shouts!
A gnoll comes into view. It is wielding a +0 flail.
The gnoll shouts!
The gnoll hits you from afar with a +0 spear.
* * * LOW HITPOINT WARNING * * *
The gnoll shaman mumbles some strange prayers to its god against you.
You are outlined in light.
The gnoll throws a throwing net.
The throwing net hits you.
You become entangled in the net!
You see here a throwing net.
You struggle against the net.
The gnoll sergeant hits you but does no damage.
You struggle against the net.
The gnoll sergeant closely misses you.
You struggle against the net.
The gnoll sergeant hits you from afar with a +0 spear!
* * * LOW HITPOINT WARNING * * *
The gnoll barely misses you.
You struggle against the net.
The gnoll sergeant hits you from afar with a +0 spear.
You die...

####............##....####
...................#..##
.##..#.............##..##
.##.##....#.g..#.#.##...#
###.##..###....#...###..##
#...###.##..###...## ##..#
...........####..## #..####
............gg#.g######.....#
..<....###...gg.@...........#
#.....$# ####gg....######...#
######## #......######...#
#...............#
#....[.######...# #......#
#.).# ######## #<).# #)..#
#####


You could see a gnoll sergeant, a gnoll shaman and 5 gnolls.

Vanquished Creatures
  Pikel (D:4)
  2 wraiths (Ossuary)
  A water moccasin (D:6)
  A sky beast (D:4)
  A necrophage (D:4)
  3 ogres
  A centaur (D:4)
  2 phantoms
  2 lemures (D:5)
  A wyvern zombie (D:6)
  A gnoll sergeant (D:5)
  4 scorpions
  A water moccasin zombie (D:6)
  3 wights (Ossuary)
  A bullfrog zombie (D:6)
  A centaur zombie (D:5)
  3 hounds
  2 jellies
  A centaur skeleton (D:6)
  Jessica (D:2)
  2 bullfrog skeletons
  4 iguanas
  3 orc wizards
  A hound skeleton (D:4)
  7 gnolls
  7 adders
  A howler monkey skeleton (D:4)
  An adder zombie (Ossuary)
  11 orcs
  5 endoplasms
  A giant cockroach (D:4)
  4 hobgoblins
  5 jackals
  3 kobolds
  3 quokkas (D:1)
  3 ball pythons
  2 ball python skeletons (Ossuary)
  3 bats
  2 frilled lizards (D:1)
  5 goblins
  3 hobgoblin skeletons (Ossuary)
  A hobgoblin zombie (Ossuary)
  2 orc skeletons (Ossuary)
  9 rats
121 creatures vanquished.

Vanquished Creatures (others)
  2 plants (D:6)
2 creatures vanquished.

Grand Total: 123 creatures vanquished

Notes
Turn   | Place    | Note
-------+----------+-------------------------------------------
     0 | D:1      | tilp the Gargoyle Earth Elementalist began the quest for
                  | the Orb.
     0 | D:1      | Reached XP level 1. HP: 10/10 MP: 3/3
   226 | D:1      | Reached skill level 4 in Earth Magic
   432 | D:1      | Reached XP level 2. HP: 13/15 MP: 3/5
  1165 | D:1      | Learned a level 2 spell: Passwall
  1206 | D:2      | Reached XP level 3. HP: 17/19 MP: 6/6
  1210 | D:2      | Learned a level 3 spell: Stone Arrow
  1218 | D:2      | Reached skill level 5 in Earth Magic
  1489 | D:2      | Reached skill level 1 in Conjurations
  1489 | D:2      | Found a snail-covered altar of Cheibriados.
  1678 | D:2      | Noticed Jessica
  1694 | D:2      | Killed Jessica
  1695 | D:2      | Reached XP level 4. HP: 24/24 MP: 4/7
  1860 | D:2      | Found a faded altar of an unknown god.
  2381 | D:3      | Got the Tome of Companions and Unholy Arts
  2642 | D:3      | Reached XP level 5. HP: 28/28 MP: 6/8
  2734 | D:4      | Noticed a phantom
  2824 | D:4      | Killed a phantom
  2825 | D:4      | Reached skill level 6 in Earth Magic
  3137 | D:4      | Noticed Grinder
  3149 | D:4      | Noticed a centaur
  3160 | D:4      | Reached XP level 6. HP: 24/32 MP: 9/9
  3169 | D:4      | Reached skill level 1 in Transmutations
  3777 | D:4      | Found a runed translucent door.
  3778 | D:4      | Noticed Crazy Yiuf
  3919 | D:4      | Reached XP level 7. HP: 36/36 MP: 5/11
  3966 | D:4      | Found a staircase to the Ecumenical Temple.
  4309 | Temple   | Entered the Ecumenical Temple
  4585 | Temple   | Became a worshipper of Vehumet
  4682 | D:5      | Entered Level 5 of the Dungeon
  4801 | D:4      | Reached skill level 5 in Conjurations
  4816 | D:5      | Reached skill level 7 in Earth Magic
  4884 | D:5      | Reached XP level 8. HP: 34/41 MP: 0/14
  4929 | D:5      | Found a sand-covered staircase.
  4941 | Ossuary  | Entered an ossuary
  5148 | Ossuary  | Reached skill level 8 in Earth Magic
  5280 | Ossuary  | Noticed a flying skull
  5280 | Ossuary  | Noticed a wraith
  5313 | Ossuary  | Noticed a flying skull
  5323 | Ossuary  | Noticed a flying skull
  5324 | Ossuary  | Noticed a wraith
  5328 | Ossuary  | Killed a wraith
  5329 | Ossuary  | Reached skill level 1 in Fighting
  5413 | Ossuary  | Noticed a flying skull
  5646 | Ossuary  | Noticed a flying skull
  5649 | Ossuary  | Noticed a wraith
  5652 | Ossuary  | Killed a wraith
  5652 | Ossuary  | Reached * piety under Vehumet
  5652 | Ossuary  | Offered knowledge of Freeze by Vehumet.
  5870 | D:5      | Identified the +1 ring mail of Forking Paths {MP+9 Dex+5}
  6004 | D:5      | Reached XP level 9. HP: 52/52 MP: 8/15
  6020 | D:5      | Noticed Pikel
  6265 | D:4      | Killed Pikel
  6702 | D:5      | Identified a scroll of acquirement
  6702 | D:5      | Acquired a +1 buckler of reflection
  6767 | D:6      | Reached skill level 1 in Shields
  7707 | D:6      | HP: 2/52 [gnoll sergeant (7)]
  7708 | D:6      | Slain by a gnoll sergeant

Illustrated notes

Levels and vault maps discovered:
D:1:      psy_arrival_radial02, layout_loops_ring
D:2:      layout_rooms, basic_altar, shapermc_ecumenical_altar_pompeii,
          uniq_jessica
D:3:      layout_loops_ring
D:4:      layout_cave_pools, minmay_temple_entry_nine_rooms,
          minmay_misc_feat_four_crosses, uniq_crazy_yiuf_cottage, uniq_grinder
D:5:      layout_rooms, nicolae_ossuary_entry_plus, uniq_pikel
D:6:      layout_rooms, tso_oasis_becter
Temple:   regret_index_temple_sigil_plot

Skill      XL: |  1  2  3  4  5  6  7  8  9 |
---------------+----------------------------+-----
Earth Magic    | 4 5 6 7 8 |  8.2
Conjurations   | 1 2 4 5 6 |  6.0
Transmutations | 1 2 |  2.0
Spellcasting   | 4 |  4.0
Fighting       | 3 4 |  4.0
Dodging        | 3 4 |  4.0
Stealth        | 4 |  4.0
Evocations     | 4 |  4.0
Shields        | 4 |  4.0

Action                   |  1- 3 |  4- 6 |  7- 9 || total
-------------------------+-------+-------+-------++-------
Melee: Hand axe          |    62 |   101 |   103 ||   266
       Dagger            |     4 |       |       ||     4
       Scimitar          |       |       |    19 ||    19
Throw: Dart              |       |     3 |    14 ||    17
 Cast: Sandblast         |    17 |    22 |    17 ||    56
       Stone Arrow       |       |     3 |    61 ||    64
  Use: Scroll            |     3 |     6 |     9 ||    18
       Potion            |       |       |     1 ||     1
 Stab: Sleeping          |     1 |     3 |     8 ||    12
Armor: Robe              |    36 |    77 |    80 ||   193
Dodge: Dodged            |    34 |    78 |   155 ||   267
       Rpst.: Scimitar   |       |       |     9 ||     9
